[Event "Late-Titled-Tuesday-Blitz-February-13-2024"]
[Site "Chess.com"]
[Date "2024.02.13"]
[Round "9"]
[White "Kostukov_Alex"]
[Black "Cambek64"]
[Result "1-0"]
[WhiteElo "2331"]
[BlackElo "2504"]
[TimeControl "180+1"]
[EndTime "15:43:55 PST"]
[Termination "Kostukov_Alex won by resignation"]

1. g3 d5 2. Bg2 c6 3. d3 Bf5 4.
e4 dxe4 5. dxe4 Qxd1+ 6. Kxd1 Bg4+ 7. f3 Bc8 8. Be3 e5 9. Nd2 Be6 10. Bh3 Bxh3 11. Nxh3 f6 12. Ke2 Nd7 13. a4 Bc5 14. Nc4 O-O-O 15. Rhd1 Bxe3 16. Kxe3 Kc7 17. Rd3 Nh6 18. a5 Nc5 19. Rxd8 Rxd8 20. b4 Ne6 21. c3 Nf7 22. Nf2 Nd6 23. Nxd6 Rxd6 24. Nd3 g5 25. h4 gxh4 26. gxh4 Rd7 27. Rg1 Rg7 28. Rxg7+ Nxg7 29. f4 exf4+ 30. Kxf4 Kd6 31. Nc5 b6 32. axb6 axb6 33. Na4 b5 34. Nc5 Ne6+ 35. Kf5 Nxc5 36. bxc5+ Ke7 37. h5 Kf7 38. h6 Ke7 39. e5 fxe5 40. Kxe5 Kd7 41. Kf6 Kd8 42. Ke6 Kc7 43.
Ke7 Kc8 44. Kd6 Kb7 45. Kd7 Ka6 46. Kxc6 Ka5 47. Kd5 1-0

[Event "Late-Titled-Tuesday-Blitz-February-13-2024"]
[Site "Chess.com"]
[Date "2024.02.13"]
[Round "9"]
[White "AsaHoffmann"]
[Black "sotochess"]
[Result "0-1"]
[WhiteElo "2420"]
[BlackElo "2578"]
[TimeControl "180+1"]
[EndTime "15:43:55 PST"]
[Termination "sotochess won by resignation"]

1. d4 Nf6 2. Bg5 Ne4 3. Bf4 c5 4. f3 Nf6 5. dxc5 Qa5+ 6. Nc3 Qxc5 7. e4 Nc6 8. Qd2 d6 9. Nb5 Qb6 10. Be3 Qd8 11. c4 a6 12. Nc3 g6 13. Rd1 Bg7 14. Nge2 O-O 15. Bh6 Rb8 16. Ng3 Be6 17. h4 Ne5 18. b3 Qa5 19. Bxg7 Kxg7 20. h5 b5 21. f4 Neg4 22. f5 bxc4 23. fxe6 Qe5 24. Rh3 fxe6 25. Be2 cxb3 26. axb3 Rxb3 27. Qd4 Rxc3 28. hxg6 Qxd4 29.
Rxd4 Rc1+ 30. Kd2 Rfc8 31. Bd3 hxg6 32. Ne2 Ra1 33. Rf3 Ne5 34. Rg3 Ra2+ 35. Ke1 Nxd3+ 36. Rdxd3 Nxe4 37. Rg4 Nf6 38. Rg5 e5 39. Rdg3 Rcc2 40. Rxg6+ Kf7 41. Rg7+ Kf8 42. Nc3 Rxc3 43. Rxc3 Kxg7 44.
Kf1 Nd5 45. Ra3 Rxa3 0-1

[Event "Late-Titled-Tuesday-Blitz-February-13-2024"]
[Site "Chess.com"]
[Date "2024.02.13"]
[Round "9"]
[White "yaguigor"]
[Black "sharkarton"]
[Result "1-0"]
[WhiteElo "2642"]
[BlackElo "2518"]
[TimeControl "180+1"]
[EndTime "15:43:59 PST"]
[Termination "yaguigor won on time"]

1. d4 Nf6 2. c4 e6 3. Nc3 d5 4.
cxd5 exd5 5. Bg5 c6 6. e3 Bd6 7. Bd3 O-O 8. Nge2 h6 9. Bh4 Re8 10. Qc2 a5 11. h3 b5 12. a3 Nbd7 13. O-O Qb6 14. Ng3 Ba6 15. Nf5 Bf8 16. Rac1 b4 17. Na4 Bxd3 18. Qxd3 Qa6 19. Qxa6 Rxa6 20. Bxf6 Nxf6 21.
Nc5 Bxc5 22. Rxc5 Ne4 23. Rc2 Kh7 24. Rfc1 g6 25. Nh4 Rc8 26. Nf3 b3 27. Re2 c5 28.
dxc5 Rxc5 29. Rxc5 Nxc5 30. Nd4 a4 31. f3 Ra7 32.
Rd2 Rd7 33. Kf2 Kg7 34. Nb5 Kf6 35. Nc3 Ke6 36. g4 f5 37. Rd4 fxg4 38. hxg4 h5 39. Kg3 hxg4 40. Kxg4 1-0

[Event "Late-Titled-Tuesday-Blitz-February-13-2024"]
[Site "Chess.com"]
[Date "2024.02.13"]
[Round "9"]
[White "szefru"]
[Black "rcmz"]
[Result "1-0"]
[WhiteElo "2256"]
[BlackElo "2152"]
[TimeControl "180+1"]
[EndTime "15:44:04 PST"]
[Termination "szefru won on time"]

1. e4 a6 2. d4 b5 3. Nc3 Bb7 4. f3 b4 5. Nce2 e6 6. Be3 d6 7. Qd2 a5 8. Ng3 Nd7 9. Bd3 c5 10.
N1e2 Qc7 11. dxc5 dxc5 12. Bc4 Bc6 13. O-O Ne5 14. b3 Nxc4 15. bxc4 Rd8 16. Qe1 Bd6 17. f4 Ba4 18. c3 Be7 19. f5 e5 20. cxb4 cxb4 21.
Rc1 Bc5 22. Bxc5 Qxc5+ 23. Kh1 Nf6 24. Ng1 Bc6 25. Nf3 O-O 26. Qe2 h6 27. h3 a4 28.
Nh2 Nh7 29. f6 g6 30. Ng4 h5 31. Nh6+ Kh8 32. Nxh5 Qd4 33. Ng3 Qd2 34. Qg4 Qxh6 35.
Rcd1 Nxf6 36. Rxf6 Rxd1+ 37. Qxd1 Qg5 38. Qf3 Kg7 39. Rxc6 1-0

[Event "Late-Titled-Tuesday-Blitz-February-13-2024"]
[Site "Chess.com"]
[Date "2024.02.13"]
[Round "9"]
[White "FabianoCaruana"]
[Black "Shankland"]
[Result "1-0"]
[WhiteElo "3069"]
[BlackElo "2945"]
[TimeControl "180+1"]
[EndTime "15:44:06 PST"]
[Termination "FabianoCaruana won by checkmate"]

1. e4 c5 2. Nf3 d6 3. d4 cxd4 4. Nxd4 Nf6 5. Nc3 Nc6 6. Bg5 e6 7. Qd3 Be7 8. f4 O-O 9. O-O-O Qb6 10. Nf3 Rd8 11. Kb1 a6 12. h4 Qc7 13. Qd2 b5 14. Bd3 b4 15. Ne2 a5 16. Bxf6 Bxf6 17. g4 g6 18. g5 Bg7 19. f5 d5 20. exd5 Rxd5 21. f6 Bf8 22. Nf4 Rc5 23. h5 b3 24.
hxg6 bxc2+ 25. Bxc2 fxg6 26. Nxg6 hxg6 27. Bxg6 Rb8 28.
Qd3 Nb4 29. f7+ Kg7 30. Rh7# 1-0

[Event "Late-Titled-Tuesday-Blitz-February-13-2024"]
[Site "Chess.com"]
[Date "2024.02.13"]
[Round "9"]
[White "terrortoast"]
[Black "tteshan"]
[Result "0-1"]
[WhiteElo "2473"]
[BlackElo "2633"]
[TimeControl "180+1"]
[EndTime "15:44:10 PST"]
[Termination "tteshan won on time"]

1. d4 g6 2. e4 Bg7 3. Nf3 d6 4. Nc3 Bg4 5. Be3 a6 6. a4 Nc6 7. d5 Ne5 8. Be2 Bxf3 9. gxf3 Nf6 10. f4 Ned7 11. h4 h5 12. Rg1 c6 13. f5 Ne5 14. fxg6 fxg6 15. Bf4 Nfd7 16. a5 O-O 17. Qd2 cxd5 18. Qxd5+ Kh7 19. Bg5 Nf3+ 20. Bxf3 Rxf3 21.
Be3 Rc8 22. Rxg6 Kxg6 23. Qg5+ Kf7 24. Qxh5+ Kg8 25. Qxf3 Rxc3 26. bxc3 Bxc3+ 27. Bd2 Bxa1 28. Qg4+ Bg7 29. Bh6 Qxa5+ 30. Ke2 Qb5+ 31. Kd2 Qb4+ 32. Ke2 Qc4+ 33. Ke1 Qc3+ 34. Kf1 Nf8 35. h5 Qa1+ 36. Ke2 Qf6 37. Bxg7 Qxg7 38. Qc8 b5 39. Qxa6 Qg4+ 40. Kd3 Qxh5 0-1

[Event "Late-Titled-Tuesday-Blitz-February-13-2024"]
[Site "Chess.com"]
[Date "2024.02.13"]
[Round "9"]
[White "KacperKacprzak"]
[Black "cthulhuuu"]
[Result "1-0"]
[WhiteElo "2733"]
[BlackElo "2487"]
[TimeControl "180+1"]
[EndTime "15:44:12 PST"]
[Termination "KacperKacprzak won on time"]

1. e4 d6 2. d4 Nf6 3. Nc3 c6 4. f4 Qb6 5. e5 Nd5 6. Nxd5 cxd5 7. Bd3 Nc6 8. c3 g6 9. Nf3 Bg4 10. h3 Bxf3 11. Qxf3 e6 12. Qf2 Be7 13. Be3 f6 14. exf6 Bxf6 15. O-O-O O-O-O 16. Kb1 Kb8 17. Rhe1 Rhe8 18.
g4 Qa5 19. g5 Bg7 20. h4 Ne7 21. h5 Nf5 22. hxg6 hxg6 23. Bd2 Qa4 24. Bc2 Qd7 25. Re2 Rh8 26. Rde1 Rde8 27. Bb3 Re7 28. Bc1 b5 29. Qg2 a5 30. Bc2 b4 31. Bd2 bxc3 32.
Bxc3 Ka7 33. Qf3 Rb8 34. Ka1 Nxd4 35. Qf2 e5 36. fxe5 dxe5 37. Bxd4+ exd4 38. Rxe7 1-0

[Event "Late-Titled-Tuesday-Blitz-February-13-2024"]
[Site "Chess.com"]
[Date "2024.02.13"]
[Round "9"]
[White "jcmesafischer"]
[Black "nj123456"]
[Result "0-1"]
[WhiteElo "2389"]
[BlackElo "2463"]
[TimeControl "180+1"]
[EndTime "15:44:12 PST"]
[Termination "nj123456 won on time"]

1. e4 c6 2. Nf3 d5 3. Nc3 dxe4 4.
Nxe4 Nf6 5. Qe2 Nxe4 6. Qxe4 Qd5 7. Qh4 Qe6+ 8. Be2 Qg4 9. Qg3 Qxg3 10. hxg3 g6 11.
d4 Bg7 12. Bf4 O-O 13. O-O-O Bg4 14. Bh6 Nd7 15. Rde1 e6 16. Bxg7 Kxg7 17. Ng5 h5 18.
f3 Bf5 19. g4 f6 20. gxf5 fxg5 21. fxe6 Nf6 22. Bc4 Rfe8 23. Re5 g4 24. Rhe1 Rad8 25. c3 Re7 26. a4 gxf3 27. gxf3 Ne8 28. Rg1 Kf6 29.
Bd3 Rg7 30. f4 Nc7 31. Reg5 Rdg8 32. Re1 Nxe6 33. Rge5 Nxf4 34. Bc4 Rd8 0-1

[Event "Late-Titled-Tuesday-Blitz-February-13-2024"]
[Site "Chess.com"]
[Date "2024.02.13"]
[Round "9"]
[White "dolynachess"]
[Black "Zavgorodniy_Sergiy"]
[Result "0-1"]
[WhiteElo "2476"]
[BlackElo "2642"]
[TimeControl "180+1"]
[EndTime "15:44:12 PST"]
[Termination "Zavgorodniy_Sergiy won on time"]

1. d4 d5 2. c4 dxc4 3. Nf3 Nf6 4. g3 b6 5. Bg2 Bb7 6. O-O e6 7. Qa4+ Nbd7 8. Nc3 a6 9. Qxc4 b5 10. Qd3 c5 11. dxc5 Bxc5 12. Ng5 Bxg2 13. Kxg2 O-O 14.
Bf4 Qb6 15. Rad1 Rfd8 16. Qf3 Be7 17. Nge4 Nxe4 18. Nxe4 Nf6 19. Bg5 e5 20. Bxf6 Bxf6 21. Nxf6+ Qxf6 22. Qxf6 gxf6 23. g4 Kf8 24. Kf3 Ke7 25.
Ke3 Ke6 26. Rc1 Rac8 27. Rfd1 f5 28. Rxd8 Rxc1 29. Ra8 Rc6 30. h3 Kf6 31. b3 Kg5 32. Kf3 e4+ 33. Kg3 f4+ 34. Kg2 Rc2 35. Kf1 Rxa2 0-1

[Event "Late-Titled-Tuesday-Blitz-February-13-2024"]
[Site "Chess.com"]
[Date "2024.02.13"]
[Round "9"]
[White "GlavkonVVS"]
[Black "claudyna16"]
[Result "1-0"]
[WhiteElo "2566"]
[BlackElo "2440"]
[TimeControl "180+1"]
[EndTime "15:44:12 PST"]
[Termination "GlavkonVVS won by resignation"]

1. c4 Nf6 2. Nc3 g6 3. d4 Bg7 4. Nf3 O-O 5. Bg5 d6 6. e3 b6 7. h3 Bb7 8. Bd3 Nbd7 9. O-O e5 10. d5 a5 11. b3 Nc5 12. Bc2 h6 13. Bh4 Qe8 14. Rb1 Nh7 15. g4 f5 16. gxf5 gxf5 17. Nh2 Kh8 18. Kh1 Bc8 19. Nb5 Qf7 20. f4 e4 21. Rg1 Bd7 22. Nxc7 Rac8 23. Nb5 Bxb5 24.
cxb5 Nf6 25. Bxf6 Bxf6 26. a3 Rg8 27. b4 axb4 28. axb4 Nd7 29. Bb3 Rc3 30. Rxg8+ Qxg8 31. Qh5 Qg7 32. Qxf5 Rxe3 33. Rg1 Rg3 34. Rxg3 Qxg3 35.
Qxd7 Bd4 36. Qc8+ Kg7 37. Qg4+ Qxg4 38. hxg4 e3 39. Bc4 Bc3 40. Kg2 Bxb4 41. Kf3 1-0

[Event "Late-Titled-Tuesday-Blitz-February-13-2024"]
[Site "Chess.com"]
[Date "2024.02.13"]
[Round "9"]
[White "Burgsvik"]
[Black "Championnn-9"]
[Result "1-0"]
[WhiteElo "2334"]
[BlackElo "2497"]
[TimeControl "180+1"]
[EndTime "15:44:12 PST"]
[Termination "Burgsvik won by resignation"]

1. e4 c5 2. Nf3 e6 3. d4 cxd4 4. Nxd4 Nc6 5. Nc3 Nf6 6. Be2 Bb4 7. f3 d5 8. Bb5 O-O 9. Bxc6 bxc6 10. e5 Nd7 11.
Nxc6 Bxc3+ 12. bxc3 Qc7 13. Ne7+ Kh8 14. Nxc8 Qxc3+ 15. Bd2 Qxe5+ 16. Kf2 Raxc8 17. c3 Nc5 18. Qe2 Qf5 19.
g4 Qf6 20. h4 Ne4+ 21. Kg2 Nxd2 22. Qxd2 Rxc3 23. Rhf1 Rfc8 24. Rac1 d4 25. Kg3 Qe5+ 26. Kh3 h6 27. Rce1 Qd5 28. Qf4 R8c7 29. Re5 Qc4 30. Rf2 d3 31. Re4 Qc5 32. Rd2 Rc1 33.
Rg2 Rc2 34. Rb4 Rxg2 35. Rb8+ Kh7 36. Kxg2 Qc2+ 37. Kg3 d2 38. Rd8 d1=Q 39. Rxd1 Qxd1 40. Qxc7 Qg1+ 41. Kh3 Qh1+ 42. Kg3 Qe1+ 43. Kh3 f5 44. Qc2 Qe4 45. fxe4 fxg4+ 46. Kxg4 e5 47. Kf5 a5 48. h5 a4 49. Qc7 a3 50. Qe7 Kh8 51. Kg6 1-0

[Event "Late-Titled-Tuesday-Blitz-February-13-2024"]
[Site "Chess.com"]
[Date "2024.02.13"]
[Round "9"]
[White "yuriydovzik"]
[Black "Rinqed222"]
[Result "0-1"]
[WhiteElo "2109"]
[BlackElo "2266"]
[TimeControl "180+1"]
[EndTime "15:44:13 PST"]
[Termination "Rinqed222 won on time"]

1. b3 e5 2. Bb2 d6 3. e3 f5 4. d4 exd4 5. exd4 Nf6 6. Bd3 g6 7. Ne2 Bg7 8. d5 O-O 9. c4 Nbd7 10. O-O Ne5 11. Bc2 c6 12. dxc6 bxc6 13. Nbc3 Bb7 14.
Nf4 Re8 15. Ba3 Qa5 16. Na4 Rad8 17. Bb2 Qc7 18. Qd2 Ne4 19. Bxe4 fxe4 20. Rae1 d5 21. cxd5 cxd5 22. Rc1 Qf7 23. Nc5 Bc6 24. Ne2 Qf5 25. Nd4 Qg4 26. h3 Qh5 27. Nce6 Bh6 28. Qc3 Nd3 29. Nxc6 Nxb2 0-1

[Event "Late-Titled-Tuesday-Blitz-February-13-2024"]
[Site "Chess.com"]
[Date "2024.02.13"]
[Round "9"]
[White "cukricek"]
[Black "HaryKane"]
[Result "0-1"]
[WhiteElo "2462"]
[BlackElo "2598"]
[TimeControl "180+1"]
[EndTime "15:44:14 PST"]
[Termination "HaryKane won on time"]

1. g3 g6 2. Bg2 Nf6 3. Nf3 Bg7 4. O-O O-O 5. c4 d6 6. Nc3 e5 7. Rb1 a5 8. a3 Nc6 9. b4 axb4 10. axb4 Bg4 11.
d3 Re8 12. Ne1 Qd7 13. Bg5 Bh3 14. Nc2 Bxg2 15. Kxg2 h6 16. Bxf6 Bxf6 17. Ne3 Bg7 18. Ned5 f5 19. Qd2 Nd8 20. b5 g5 21. b6 cxb6 22.
Rxb6 e4 23. Rfb1 exd3 24. exd3 f4 25. Ne4 f3+ 26. Kxf3 Rxe4 27. dxe4 Qh3 28. Ne7+ Kh7 29. Qxd6 Ne6 30. Qxe6 Ra3+ 31. Ke2 Ra2+ 32. Kd3 Ra3+ 33. Kc2 Rc3+ 34. Kd2 Qxe6 0-1

[Event "Late-Titled-Tuesday-Blitz-February-13-2024"]
[Site "Chess.com"]
[Date "2024.02.13"]
[Round "9"]
[White "viniciusrego"]
[Black "xakevicius91"]
[Result "1/2-1/2"]
[WhiteElo "2389"]
[BlackElo "2526"]
[TimeControl "180+1"]
[EndTime "15:44:15 PST"]
[Termination "Game drawn by repetition"]

1. e4 c5 2. Nf3 a6 3. c4 Nc6 4. d4 cxd4 5. Nxd4 e5 6. Nc2 Nf6 7. Nc3 Bc5 8. Be2 d6 9. O-O O-O 10. Bg5 h6 11. Bxf6 Qxf6 12. Nd5 Qd8 13. b4 Bd4 14. Rb1 Ba7 15. b5 axb5 16. cxb5 Nd4 17.
b6 Nxe2+ 18. Qxe2 Bb8 19. Nce3 Be6 20. Rfc1 Qd7 21. Qd3 Rxa2 22. Ra1 Rxa1 23. Rxa1 Kh8 24. Nf5 Rc8 25. h4 Bxf5 26. exf5 f6 27. Ra8 Kh7 28. g4 Qf7 29. Qe4 Rc5 30. Rxb8 Qxd5 31. Qxd5 Rxd5 32. Rxb7 Rb5 33. Kg2 d5 34. g5 hxg5 35. hxg5 fxg5 36. f6 Kh8 37. fxg7+ Kg8 38. Kg3 Rb4 39. f3 d4 40.
Kg4 d3+ 41. Kxg5 Rd4 42. Kf6 Rd6+ 43. Kxe5 d2 44. Kxd6 d1=Q+ 45. Kc7 Qc1+ 46. Kb8 Qc6 47. Ka7 Qa4+ 48. Kb8 Qe8+ 49. Kc7 Qe7+ 50. Kc6 Qe6+ 51. Kb5 Qd5+ 52. Ka6 Qa2+ 53. Kb5 Qb3+ 54. Kc5 Qc3+ 55. Kd6 Qd4+ 56. Kc6 Qc4+ 57. Kd7 Qd5+ 58. Kc7 Qc5+ 59. Kd8 Qd6+ 60. Kc8 Qc6+ 61. Kb8 Qe8+ 62. Kc7 Qe7+ 63. Kc6 Qe6+ 64. Kc7 Qe7+ 1/2-1/2

[Event "Late-Titled-Tuesday-Blitz-February-13-2024"]
[Site "Chess.com"]
[Date "2024.02.13"]
[Round "9"]
[White "ValeriyGrinev"]
[Black "JCVanDamme10"]
[Result "1-0"]
[WhiteElo "2525"]
[BlackElo "2325"]
[TimeControl "180+1"]
[EndTime "15:44:15 PST"]
[Termination "ValeriyGrinev won on time"]

1. d4 d5 2. c4 c6 3. cxd5 cxd5 4. Bf4 Nc6 5. e3 Nf6 6. Nc3 a6 7. Bd3 Bg4 8. Nge2 e6 9. f3 Bh5 10. Rc1 Be7 11. O-O O-O 12. Na4 Rc8 13. Nc5 Na5 14.
b4 Bxc5 15. bxc5 Bg6 16. Bg5 Bxd3 17. Qxd3 Nc4 18. e4 h6 19. Bh4 g5 20. Bg3 Nh5 21. Bf2 Qa5 22. Rxc4 dxc4 23. Qxc4 b6 24. c6 b5 25. Qc5 Qxa2 26. Nc3 Qc4 27. Qxc4 bxc4 28. d5 Nf4 29. Bc5 Rfd8 30. Be7 exd5 31. Bxd8 d4 32.
Nd5 Nxd5 33. exd5 Rxd8 34. c7 Rc8 35. d6 Kg7 36. d7 Rxc7 37. d8=Q Rc6 38. Qxd4+ Kg8 39.
Re1 c3 40. Re8+ Kh7 41. Rh8+ Kg6 42. Qe4+ 1-0

[Event "Late-Titled-Tuesday-Blitz-February-13-2024"]
[Site "Chess.com"]
[Date "2024.02.13"]
[Round "9"]
[White "PNEPaul"]
[Black "expii"]
[Result "0-1"]
[WhiteElo "1889"]
[BlackElo "2161"]
[TimeControl "180+1"]
[EndTime "15:44:15 PST"]
[Termination "expii won on time"]

1. e4 c5 2. Nf3 d6 3. d4 cxd4 4. c3 dxc3 5. Nxc3 Nc6 6. Bc4 e6 7. O-O Be7 8. Qe2 Nf6 9. Rd1 e5 10. h3 O-O 11. a3 h6 12. Be3 a6 13. Rac1 Be6 14. Nd5 Bxd5 15. exd5 Nb8 16. Ba2 Nbd7 17.
Bb1 Rc8 18. Rxc8 Qxc8 19. Qd2 Nc5 20. Bxh6 gxh6 21. Qxh6 Nce4 22. Ng5 Qf5 23. Nf3 Qg6 24. Qe3 Kh8 25. Re1 Rg8 26. Nh4 Qh5 27. Bxe4 Qxh4 28. Bb1 Qg5 29. Qf3 Rg7 30. g3 Qd2 31. h4 Qxb2 32.
h5 Qd2 33. Rf1 Qh6 34. Bf5 Qxh5 0-1

[Event "Late-Titled-Tuesday-Blitz-February-13-2024"]
[Site "Chess.com"]
[Date "2024.02.13"]
[Round "9"]
[White "TanitoluwaAps116"]
[Black "annasargsyan_m"]
[Result "0-1"]
[WhiteElo "2767"]
[BlackElo "2599"]
[TimeControl "180+1"]
[EndTime "15:44:16 PST"]
[Termination "annasargsyan_m won by checkmate"]

1. Nf3 d5 2. b3 Nf6 3. Bb2 c5 4. e3 Nc6 5. Bb5 Bg4 6. Bxc6+ bxc6 7. d3 e6 8. Nbd2 Bd6 9. h3 Bh5 10. g4 Bg6 11. Ne5 Qc7 12. Ndf3 O-O 13. h4 h5 14. Rg1 Nxg4 15. Nxg4 hxg4 16. Rxg4 e5 17. Rg5 d4 18. h5 Bh7 19. Qd2 f6 20. Rg4 Qd7 21. Rg1 Qh3 22. Qe2 Qxh5 23. O-O-O Qf5 24. e4 Qd7 25. Nh4 g5 26. Qf3 Rf7 27. Rg2 Kf8 28.
Nf5 Bxf5 29. exf5 Rh7 30. Kb1 Kf7 31. Ba3 Rah8 32. Rdg1 Be7 33. Qe2 Qd5 34. f3 Rh3 35.
Rg3 Rxg3 36. Rxg3 Rh1+ 37. Kb2 c4 38. dxc4 Bxa3+ 39. Kxa3 Qa5+ 40. Kb2 Qc3+ 41. Ka3 Rb1 42. Ka4 a5 43. a3 Ra1 44. c5 Qb4# 0-1

[Event "Late-Titled-Tuesday-Blitz-February-13-2024"]
[Site "Chess.com"]
[Date "2024.02.13"]
[Round "9"]
[White "N_I_Chess"]
[Black "agvega14"]
[Result "1-0"]
[WhiteElo "2270"]
[BlackElo "2187"]
[TimeControl "180+1"]
[EndTime "15:44:16 PST"]
[Termination "N_I_Chess won on time"]

1. d4 d5 2. c4 e6 3. Nc3 Nf6 4. cxd5 exd5 5. Bg5 Nbd7 6. e3 c6 7. Bd3 Be7 8. Qc2 O-O 9. Nge2 Re8 10. f3 h6 11. Bh4 Nh5 12. Bf2 Bg5 13. Qd2 Qe7 14.
f4 Bh4 15. g3 Bf6 16. g4 Bh4 17. gxh5 Bxf2+ 18. Kxf2 Qh4+ 19. Ng3 Nf6 20. Be2 Bg4 21. Rae1 Bxh5 22. Bxh5 Nxh5 23. Qe2 Nf6 24. h3 g5 25.
fxg5 hxg5 26. Qf3 Re6 27. Kg2 Rae8 28. Nf5 Qh7 29. Rhg1 Kf8 30. Ng3 Qg6 31. Rgf1 R8e7 32. Qf5 Qh6 33. e4 g4 34. hxg4 Qd2+ 35. Re2 Qxd4 36.
g5 Nxe4 37. Ncxe4 dxe4 38. g6 Qg7 39. gxf7 Rg6 40. Re3 1-0

[Event "Late-Titled-Tuesday-Blitz-February-13-2024"]
[Site "Chess.com"]
[Date "2024.02.13"]
[Round "9"]
[White "combidharma"]
[Black "vi_pranav"]
[Result "0-1"]
[WhiteElo "2714"]
[BlackElo "3021"]
[TimeControl "180+1"]
[EndTime "15:44:18 PST"]
[Termination "vi_pranav won by resignation"]

1. e4 e5 2. Nf3 Nc6 3. d4 exd4 4.
Nxd4 Bc5 5. Nb3 Bb6 6. Nc3 Nf6 7.
Qe2 a5 8. a4 O-O 9. Bg5 h6 10.
Bh4 d6 11. O-O-O Be6 12. Nd5 Bxd5 13. exd5 Re8 14. Qf3 Ne5 15. Bxf6 Qxf6 16. Qxf6 gxf6 17. f3 f5 18. Nd4 f4 19. Bb5 Rf8 20. Nf5 Kh7 21.
Rde1 Rg8 22. g4 Nxf3 23. Re7 Ne5 24. h3 h5 25. Kd2 Kg6 26. Bd3 Kf6 27. Rf1 Rg5 28.
Rxe5 dxe5 29. Ng3 Ke7 30. Nxh5 Rh8 31. Be4 f5 32. Bxf5 Rxf5 33. gxf5 Rxh5 0-1

[Event "Late-Titled-Tuesday-Blitz-February-13-2024"]
[Site "Chess.com"]
[Date "2024.02.13"]
[Round "9"]
[White "abeljusto"]
[Black "Lavandum24"]
[Result "1-0"]
[WhiteElo "2077"]
[BlackElo "1564"]
[TimeControl "180+1"]
[EndTime "15:44:18 PST"]
[Termination "abeljusto won on time"]

1. d4 Nf6 2. Bf4 d5 3. e3 Bf5 4. c4 c6 5. Nc3 e6 6. Qb3 Qb6 7. c5 Qxb3 8. axb3 Nbd7 9. b4 b6 10. Ba6 bxc5 11. bxc5 e5 12. dxe5 Ne4 13. Bb7 Rb8 14.
Bxc6 Rxb2 15. Nxe4 Bxe4 16. Nf3 Bxc5 17. O-O Ke7 18.
Rfc1 Bb6 19. Nd4 h6 20. f3 Bxd4 21. exd4 Rc2 22. fxe4 Rxc1+ 23. Rxc1 dxe4 24. Bxd7 Kxd7 25. d5 a5 26. Kf2 a4 27. Ra1 Ra8 28. Ra3 1-0

[Event "Late-Titled-Tuesday-Blitz-February-13-2024"]
[Site "Chess.com"]
[Date "2024.02.13"]
[Round "9"]
[White "EsmeraldasAnderson03"]
[Black "FMJoseHerrera"]
[Result "0-1"]
[WhiteElo "2461"]
[BlackElo "2722"]
[TimeControl "180+1"]
[EndTime "15:44:19 PST"]
[Termination "FMJoseHerrera won on time"]

1. d4 Nf6 2. c4 c5 3. d5 b5 4. cxb5 a6 5. bxa6 e6 6. Nc3 exd5 7. Nxd5 Be7 8. Nxe7 Qxe7 9. g3 O-O 10. Bg2 Nc6 11. Nf3 Bxa6 12. e3 Nb4 13. Bf1 Qe6 14.
Be2 Qh3 15. a3 Nc6 16. Bxa6 Rxa6 17. Bd2 Ne4 18. Bc3 Qg2 19. Rf1 d5 20. Nh4 Qxh2 21. Qxd5 Nxc3 22. bxc3 Rd8 23. Qe4 Qh3 24. Rh1 Qd7 25. Kf1 Re8 26. Qf5 Qb7 27. Nf3 g6 28.
Qh3 h5 29. Kg1 Ra4 30. Kh2 Ne7 31. Qg2 Nf5 32. Ng5 Qe7 33. Nh3 Qf6 34. Nf4 Qxc3 35.
g4 Nxe3 36. f3 Nxg2 0-1

[Event "Late-Titled-Tuesday-Blitz-February-13-2024"]
[Site "Chess.com"]
[Date "2024.02.13"]
[Round "9"]
[White "GothamChess"]
[Black "korkmaz16"]
[Result "1-0"]
[WhiteElo "2719"]
[BlackElo "2448"]
[TimeControl "180+1"]
[EndTime "15:44:20 PST"]
[Termination "GothamChess won by checkmate"]

1. e4 e5 2. Nf3 Nc6 3. c3 Nf6 4. d4 exd4 5. e5 Ne4 6. Qe2 Nc5 7. cxd4 Ne6 8. d5 Ned4 9. Qe4 Bb4+ 10. Nc3 Nxf3+ 11.
gxf3 Bxc3+ 12. bxc3 Ne7 13. Rg1 d6 14. e6 O-O 15. Bh6 Ng6 16. Bg5 f6 17. Be3 Qe7 18. Bh3 c6 19. c4 cxd5 20. cxd5 Qc7 21. Rc1 Qa5+ 22. Kf1 b6 23. Bf5 Ba6+ 24. Kg2 Qxa2 25. Rc7 Rae8 26. Kh1 Bc4 27. Rxc4 Ne5 28. Rc7 g5 29.
Bxh7+ Kh8 30. Bf5 Re7 31. Rxe7 Qc4 32. Qxc4 Nxc4 33. Bxg5 fxg5 34. Rh7+ Kg8 35. Rxg5# 1-0

[Event "Late-Titled-Tuesday-Blitz-February-13-2024"]
[Site "Chess.com"]
[Date "2024.02.13"]
[Round "9"]
[White "AlexeiShirov"]
[Black "mishanick"]
[Result "0-1"]
[WhiteElo "2858"]
[BlackElo "2976"]
[TimeControl "180+1"]
[EndTime "15:44:22 PST"]
[Termination "mishanick won by resignation"]

1. e4 c5 2. Nf3 e6 3. d4 cxd4 4. Nxd4 Nc6 5. Nc3 a6 6. Be3 Nf6 7. Nxc6 bxc6 8. e5 Nd5 9. Nxd5 cxd5 10. Bd3 d6 11. Bd4 Qg5 12. Qe2 dxe5 13. Bxe5 Bc5 14.
f4 Qh6 15. g3 O-O 16. O-O-O Qh3 17. Kb1 Bd7 18. g4 Bc6 19. Rhf1 Rfe8 20. Rf3 Qh4 21.
Bxh7+ Qxh7 22. Rc3 Bb5 23. Qg2 Bb4 24. Rh3 Qe4 25. Qg3 Rac8 26. Rc1 f6 27. Bxf6 gxf6 28. g5 Kf7 29. Rh6 Rg8 30. Rxf6+ Ke7 31. f5 exf5 32. a3 Ba4 33. axb4 Bxc2+ 34. Ka1 f4 35. Qh4 Qxb4 36. Rxf4 Qa5+ 0-1

[Event "Late-Titled-Tuesday-Blitz-February-13-2024"]
[Site "Chess.com"]
[Date "2024.02.13"]
[Round "9"]
[White "A-Fier"]
[Black "Fandorine"]
[Result "0-1"]
[WhiteElo "2783"]
[BlackElo "2954"]
[TimeControl "180+1"]
[EndTime "15:44:24 PST"]
[Termination "Fandorine won by resignation"]

1. e4 e5 2. f4 exf4 3. Nf3 d6 4.
d4 g5 5. h4 g4 6. Ng1 h5 7.
Bxf4 Bh6 8. Ne2 Nc6 9. Nbc3 Bd7 10. Qd2 Nce7 11. O-O-O Ng6 12. Bxh6 Nxh6 13. g3 c6 14. Nf4 Nxf4 15. gxf4 Qe7 16. d5 O-O-O 17. dxc6 Bxc6 18. Bd3 Kb8 19. Rhe1 Qxh4 20. Bb5 Qe7 21. Bxc6 bxc6 22. Re3 h4 23. Na4 Ka8 24. Qa5 Rb8 25. Rc3 Rb5 26. Qa6 Qb7 27. Qxb7+ Rxb7 28. Rxc6 h3 29. Rcxd6 g3 30.
Nc5 Rbb8 31. R6d3 Rbg8 32. Rh1 g2 33. Rdxh3 gxh1=Q+ 34.
Rxh1 Ng4 35. Rd1 Ne3 36. Rd3 Rg2 37. b3 Rxc2+ 0-1

[Event "Late-Titled-Tuesday-Blitz-February-13-2024"]
[Site "Chess.com"]
[Date "2024.02.13"]
[Round "9"]
[White "scandalgod"]
[Black "Mariia89"]
[Result "1-0"]
[WhiteElo "2518"]
[BlackElo "2265"]
[TimeControl "180+1"]
[EndTime "15:44:28 PST"]
[Termination "scandalgod won on time"]

1. d4 Nf6 2. c4 c5 3. d5 b5 4. cxb5 a6 5. e3 axb5 6. Bxb5 Qa5+ 7. Nc3 Ne4 8. Ne2 Ba6 9. Bxa6 Nxa6 10. O-O Nxc3 11.
Nxc3 d6 12. Bd2 Qb6 13. Qa4+ Kd8 14. Qf4 Ke8 15. Rab1 h6 16. a3 g5 17. Qa4+ Kd8 18.
Nb5 Nc7 19. Qe4 Qxb5 20. Bc3 f6 21. b4 c4 22. Rfd1 Rxa3 23. Bd4 Rb3 24. Ra1 c3 25. Qg6 Qe8 26. Qc2 Rxb4 27. Qxc3 Qb5 28. Rdc1 Qb7 29.
Bxf6 Kd7 30. Qc6+ Qxc6 31. dxc6+ Ke6 32. Bxh8 Rb6 33. Bd4 Rb5 34. Ra7 Nd5 35. c7 1-0

[Event "Late-Titled-Tuesday-Blitz-February-13-2024"]
[Site "Chess.com"]
[Date "2024.02.13"]
[Round "9"]
[White "Bilan_Danila"]
[Black "Jahonas"]
[Result "1-0"]
[WhiteElo "2540"]
[BlackElo "2390"]
[TimeControl "180+1"]
[EndTime "15:44:30 PST"]
[Termination "Bilan_Danila won by resignation"]

1. d4 Nf6 2. Nf3 e6 3. g3 b6 4. Bg2 Bb7 5. O-O d5 6. c4 Nbd7 7. Ne5 Bd6 8. Qa4 O-O 9. Bf4 Bxe5 10. dxe5 Ne4 11. Bxe4 dxe4 12. Rd1 Nc5 13. Rxd8 Nxa4 14.
Rxa8 Rxa8 15. b3 Nc5 16. Nc3 Rd8 17. Nb5 a6 18. Nc3 a5 19. Nb5 Rd7 20. Be3 Na6 21. a3 h6 22. Kf1 Bc6 23. Nc3 Nc5 24. Bxc5 bxc5 25. Ke1 Kf8 26. Rd1 Ke7 27. Rxd7+ Kxd7 28. Kd2 f5 29. exf6 gxf6 30. Ke3 f5 31. Kf4 Kd6 32. a4 Bd7 33. Nb5+ Bxb5 34. axb5 Ke7 35. Ke5 Kf7 36. f3 exf3 37. exf3 Ke7 38. g4 fxg4 39. fxg4 Kf7 40. h4 Ke7 41. g5 hxg5 42. hxg5 Kf7 43.
g6+ Kxg6 44. Kxe6 1-0